 Dungeon Crawl Stone Soup version 0.20-a0-495-g2241292 (webtiles) character file.

166667 lollipopman the Warrior (level 17, 0/148 HPs)
             Began as a Demonspawn Berserker on Jan 16, 2017.
             Was a Follower of Lugonu.
             Slain by a two-headed ogre
             ... wielding a +0 giant club
             ... created by the rage of Trog
              (16 damage)
             ... on level 3 of the Snake Pit on Jan 19, 2017.
             The game lasted 02:43:11 (38836 turns).

lollipopman the Warrior (Demonspawn Berserker)     Turns: 38836, Time: 02:43:11

Health: 0/148      AC: 33    Str: 34    XL:     17   Next: 30%
Magic:  0/17       EV: 16    Int: 19    God:    Lugonu [*.....]
Gold:   2049       SH: 11    Dex: 16    Spells: 16/16 levels left

rFire    . . .     SeeInvis +   l - +3 demon whip (elec)
rCold    . . .     Gourm    .   Q - +10 scale mail of the Equator {rElec rF- Str+4 Int+7}
rNeg     . . .     Faith    .   F - +0 buckler
rPois    .         Spirit   +   s - +2 helmet {SInv}
rElec    +         Reflect  +   h - +2 cloak
rCorr    .         Harm     .   p - +2 pair of gloves
MR       +....                  (boots unavailable)
Stlth    ++++......             q - +4 amulet of reflection
Regen    0.4/turn               z - +3 ring of strength
                                f - ring of Divine Compulsion {+Fly Str+4 Int+2 Dex+3 Stlth+}

@: hasted, very quick
A: hooves 3, molten scales 3, nightstalker 3, magic shield, magic regeneration
a: Depart the Abyss, Renounce Religion, Evoke Flight


You were on level 3 of the Snake Pit.
You worshipped Lugonu.
Lugonu was aware of your devotion.
You were very hungry.

You visited 7 branches of the dungeon, and saw 29 of its levels.
You visited the Abyss 1 time.

You collected 3248 gold pieces.
You spent 1199 gold pieces at shops.

Inventory:

Hand Weapons
 l - a +3 demon whip of electrocution (weapon)
Armour
 h - a +2 cloak (worn)
 p - a +2 pair of gloves (worn)
 s - a +2 helmet of see invisible (worn)
 A - a +1 cloak
 C - a +1 chain mail of poison resistance
 F - a +0 buckler (worn)
 Q - the +10 scale mail of the Equator (worn) {rElec rF- Str+4 Int+7}
   (You found it on level 7 of the Dungeon)

   It affects your strength (+4).
   It affects your intelligence (+7).
   It makes you vulnerable to fire.
   It insulates you from electricity.
Jewellery
 f - the ring of Divine Compulsion (left hand) {+Fly Str+4 Int+2 Dex+3 Stlth+}
   (You bought it in a shop on level 2 of the Orcish Mines)

   [ring of flight]

   It affects your strength (+4).
   It affects your intelligence (+2).
   It affects your dexterity (+3).
   It lets you fly.
   It makes you more stealthy.
 i - an uncursed amulet of guardian spirit {unknown}
 q - a +4 amulet of reflection (around neck)
 x - an uncursed ring of stealth {unknown}
 z - a +3 ring of strength (right hand)
Wands
 a - a wand of iceblast (10/15)
 e - a wand of scattershot (4/9)
 o - a wand of paralysis (19/24)
 K - a wand of iceblast (12/15)
 X - a wand of lightning (10/15)
Scrolls
 g - 3 scrolls of recharging
 j - a scroll of noise {unknown}
 k - a scroll of enchant armour
 n - 14 scrolls of identify
 r - a scroll of amnesia
 O - 3 scrolls of magic mapping
 W - 3 scrolls of remove curse
Potions
 t - 2 potions of agility
 w - a potion of curing
 E - a potion of haste
 T - 2 potions of berserk rage
Books
 b - a book of Beasts

   Spells                             Type                      Level
   a - Summon Butterflies             Summoning                    1
   b - Call Canine Familiar           Summoning                    3
   c - Summon Ice Beast               Ice/Summoning                4
   d - Summon Mana Viper              Hexes/Summoning              5
   e - Summon Hydra                   Summoning                    7
 I - a book of Callings

   Spells                             Type                      Level
   a - Summon Small Mammal            Summoning                    1
   b - Call Imp                       Summoning                    2
   c - Call Canine Familiar           Summoning                    3
   d - Summon Guardian Golem          Hexes/Summoning              3
   e - Summon Lightning Spire         Summoning/Air                4
   f - Summon Ice Beast               Ice/Summoning                4
 Y - a book of Geomancy

   Spells                             Type                      Level
   a - Sandblast                      Earth                        1
   b - Passwall                       Transmutation/Earth          2
   c - Stone Arrow                    Conjuration/Earth            3
   d - Petrify                        Transmutation/Earth          4
   e - Lee's Rapid Deconstruction     Earth                        5
Comestibles
 c - 11 bread rations
 d - 3 meat rations
 m - 14 fruits
 u - 7 royal jellies
 G - 5 beef jerkies


   Skills:
 * Level 17.5 Fighting
 + Level 12.6 Maces & Flails
 + Level 11.9 Armour
 + Level 7.7 Dodging
 - Level 0.2 Stealth
 + Level 11.9 Shields
 + Level 10.5 Unarmed Combat


You had 16 spell levels left.
You didn't know any spells.

Dungeon Overview and Level Annotations

Branches:
Dungeon (15/15)            Temple (0/1) D:5            Lair (6/6) D:8
 Shoals (1/4) Lair:4        Snake (3/4) Lair:2        Slime (1/5) Lair:5
    Orc (2/2) D:9             Elf (0/3) Orc:2        Vaults (0/5) D:14
 Depths (1/5) D:15

Altars:
Ashenzari
Cheibriados
Elyvilon
Fedhas
Kikubaaqudgha
Nemelex Xobeh
Ru
Sif Muna
Uskayaw
Vehumet
Xom
Yredelemnul
Zin

Shops:
D:4 }   D:6 *   D:8 :   D:13 }   Orc:2 *([=   Snake:1 :

Annotations:
D:12 Azrael
Lair:1 exclusion: oklob plant
Lair:6 exclusion: 2 oklob plants


Innate Abilities, Weirdness & Mutations

You have hooves in place of feet.
You are completely covered in molten scales. (AC +4, rF+)
You are completely attuned to the shadows.
When hurt, damage is shared between your health and your magic reserves.
You regenerate magic rapidly.


Message History

The black bear claws you but does no damage.
The black bear closely misses you. The black bear misses you.
The black bear completely misses you. The black bear closely misses you.
The two-headed ogre barely misses you. You block the two-headed ogre's attack.
The polar bear bites you.
* * * LOW HITPOINT WARNING * * *
The polar bear claws you.
* * * LOW HITPOINT WARNING * * *
The polar bear claws you but does no damage.
You feel yourself speed up. You block the polar bear's attack.
The polar bear closely misses you. x2; You block the ogre's attack.
The black bear closely misses you. The black bear barely misses you.
The black bear claws you but does no damage.
The black bear misses you. The black bear completely misses you.
You block the black bear's attack. The polar bear barely misses you.
The polar bear completely misses you. The polar bear barely misses you.
The two-headed ogre hits you with a giant club.
* * * LOW HITPOINT WARNING * * *
The two-headed ogre hits you with a giant spiked club!!
You die...

.........#
........#
.....## #.....##
##.....# #...###
..# #h..# ...#
##hh## ..(##
###O@hC##
#..####((h.O..##
#).##.(.###...#
#(()(.### ##..##
##)(### ###.##
###()## ##.##
#.)))(# ##.#
#.(..((.# #.##
....##...# ###


You could see a two-headed ogre (berserk), a cyclops (berserk), 2 polar bears, 3
black bears and an ogre (berserk).

Vanquished Creatures
  Vashnia (Snake:3)
  Rupert (Lair:3)
  Frances (D:12)
  Kirke (Lair:5)
  A nagaraja (Snake:1)
  Louise (Snake:2)
  Snorg (Orc:2)
  Fannar (Orc:1)
  A vault guard (D:14)
  10 hydras
  Erolcha (Orc:2)
  8 naga warriors
  2 centaur warriors
  2 death knights
  11 anacondas
  3 catoblepae (Lair:6)
  10 two-headed ogres
  3 tengu warriors
  19 death yaks
  A vampire mage (D:15)
  14 naga sharpshooters
  3 orc high priests (Orc:2)
  Urug (D:10)
  A shock serpent (Snake:3)
  Sonja (Lair:3)
  A salamander mystic (Snake:3)
  A storm dragon zombie (D:15)
  4 skeletal warriors
  2 unseen horrors
  A deep elf archer (Orc:2)
  3 naga ritualists
  8 orc knights
  A necromancer (D:15)
  A sphinx zombie (D:15)
  8 mana vipers
  5 ugly things
  A deep elf mage (D:13)
  7 orc sorcerers
  A fire giant zombie (D:15)
  7 cyclopes
  6 salamanders
  5 manticores
  13 black mambas
  2 guardian serpents
  2 gargoyles
  16 elephants
  15 spiny frogs
  12 naga magi
  2 centaur skeletons
  Psyche (D:10)
  2 rime drakes
  8 komodo dragons
  A guardian mummy (D:15)
  9 trolls
  Grinder (D:6)
  5 polar bears
  2 queen bees
  2 raiju (Abyss:4)
  A hornet (D:11)
  A jumping spider (shapeshifter) (D:13)
  12 slime creatures
  13 hippogriffs
  8 dream sheep
  A snapping turtle (Lair:4)
  A deep troll zombie (D:15)
  A fire elemental (Lair:4)
  93 yaks
  Sigmund (D:6)
  2 wyverns
  2 wraiths (D:14)
  A basilisk (D:8)
  A large abomination (Abyss:4)
  5 vampire mosquitoes
  Edmund (D:4)
  Menkaure (D:5)
  38 nagas
  A soldier ant (D:11)
  7 water moccasins
  2 acid dragons
  A hell hound (D:12)
  Duvessa (D:6)
  11 porcupines
  23 orc warriors
  2 sky beasts
  A black bear (Snake:3)
  4 ice beasts
  11 ogres
  3 phantoms
  An eye of draining (D:13)
  A hornet zombie (D:13)
  3 necrophages
  4 wolves (Lair:3)
  13 centaurs
  15 crocodiles
  4 big kobolds
  23 bullfrogs
  A gnoll sergeant (D:6)
  2 wyvern zombies
  Dowan (D:6)
  4 scorpions
  44 killer bees
  2 electric eels (Lair:4)
  13 wights
  2 howler monkeys (D:9)
  6 crimson imps
  A quasit (D:6)
  4 centaur zombies
  7 jellies
  6 hounds
  20 orc wizards
  20 orc priests
  3 bullfrog skeletons
  Crazy Yiuf (D:3)
  Jessica (D:2)
  Ijyb (D:3)
  Terence (D:2)
  2 hell rats (Lair:2)
  5 iguanas
  8 worker ants
  A killer bee zombie (D:10)
  A hound zombie (D:11)
  2 hound skeletons
  2 worker ant zombies
  17 adders
  7 river rats (Lair:2)
  A shadow imp (D:13)
  3 oozes (Lair:5)
  3 worms
  5 leopard geckos
  74 orcs
  2 giant cockroaches
  9 goblins
  7 hobgoblins
  21 jackals
  4 quokkas
  A ball python (D:7)
  7 bats
  5 frilled lizards
  24 kobolds
  2 rats
  A fungus (Lair:1)
  A plant (Lair:6)
923 creatures vanquished.

Vanquished Creatures (collateral kills)
  A spiny frog (Lair:3)
  A porcupine (Lair:3)
  A water moccasin (Lair:3)
3 creatures vanquished.

Vanquished Creatures (others)
  Nessos (D:12)
  A naga sharpshooter (Snake:1)
  A human (Lair:5)
  An orc wizard (D:6)
  21 fungi
  A lurking horror (Abyss:4)
  27 plants
  2 starspawn tentacles (Abyss:4)
55 creatures vanquished.

Grand Total: 981 creatures vanquished

Notes
Turn   | Place    | Note
-------+----------+-------------------------------------------
     0 | D:1      | lollipopman the Demonspawn Berserker began the quest for the Orb.
     0 | D:1      | Reached XP level 1. HP: 18/18 MP: 1/1
   146 | D:1      | Gained mutation: You have large cloven feet. [demonic ancestry]
   146 | D:1      | Reached XP level 2. HP: 22/24 MP: 2/2
   503 | D:2      | Noticed Jessica
   503 | D:2      | Noticed Ijyb
   546 | D:3      | Killed Ijyb
   546 | D:3      | Gained mutation: You are slightly more attuned to the shadows. [demonic ancestry]
   546 | D:3      | Reached XP level 3. HP: 29/29 MP: 3/3
   607 | D:2      | Killed Jessica
   607 | D:2      | Gained mutation: You are significantly more attuned to the shadows. [demonic ancestry]
   607 | D:2      | Reached XP level 4. HP: 31/36 MP: 4/4
   704 | D:2      | Noticed Terence
   713 | D:2      | Killed Terence
   713 | D:2      | Reached ** piety under Trog
  1191 | D:2      | Found a deep blue altar of Sif Muna.
  1348 | D:2      | Reached XP level 5. HP: 41/42 MP: 5/5
  1577 | D:3      | Found a radiant altar of Vehumet.
  1647 | D:3      | Found a basalt altar of Yredelemnul.
  1735 | D:3      | Found a runed door.
  1739 | D:3      | Noticed Crazy Yiuf
  1745 | D:3      | Killed Crazy Yiuf
  1991 | D:3      | Found a sacrificial altar of Ru.
  2061 | D:3      | Reached skill level 4 in Fighting
  2957 | D:3      | Gained mutation: When hurt, damage is shared between your health and your magic reserves. [demonic ancestry]
  2957 | D:3      | Reached XP level 6. HP: 43/48 MP: 6/6
  3133 | D:4      | Reached skill level 5 in Maces & Flails
  3200 | D:4      | Found Deotoh's Gadget Emporium.
  3249 | D:4      | Gained mutation: You regenerate magic rapidly. [demonic ancestry]
  3249 | D:4      | Reached XP level 7. HP: 54/54 MP: 5/7
  3275 | D:4      | Noticed Edmund
  3326 | D:4      | Killed Edmund
  3326 | D:4      | Reached skill level 5 in Fighting
  3497 | D:4      | Reached *** piety under Trog
  3752 | D:4      | Found a hide-covered altar of Uskayaw.
  3845 | D:5      | Entered Level 5 of the Dungeon
  4261 | D:5      | Reached skill level 1 in Shields
  4265 | D:5      | Gained mutation: You are partially covered in molten scales. (AC +2) [demonic ancestry]
  4265 | D:5      | Reached XP level 8. HP: 63/63 MP: 8/8
  4377 | D:5      | Found a staircase to the Ecumenical Temple.
  4391 | D:5      | Reached skill level 6 in Fighting
  4539 | D:5      | Noticed Menkaure
  4544 | D:5      | Killed Menkaure
  5078 | D:6      | Found Dif Vur's General Store.
  5084 | D:6      | Bought a scroll of immolation for 38 gold pieces
  5084 | D:6      | Bought a potion of degeneration for 11 gold pieces
  5129 | D:6      | Noticed Duvessa
  5145 | D:6      | Noticed Dowan
  5151 | D:6      | Killed Duvessa
  5151 | D:6      | Reached skill level 7 in Fighting
  5337 | D:6      | Found an ancient bone altar of Kikubaaqudgha.
  5344 | D:6      | Reached **** piety under Trog
  5594 | D:6      | Noticed Sigmund
  5597 | D:6      | Reached XP level 9. HP: 71/71 MP: 9/9
  5603 | D:6      | Killed Sigmund
  5666 | D:6      | Killed Dowan
  5790 | D:6      | Noticed Grinder
  5804 | D:6      | Killed Grinder
  5804 | D:6      | Reached skill level 8 in Fighting
  5804 | D:6      | Reached skill level 5 in Shields
  6147 | D:7      | Got a polished scale mail
  6151 | D:7      | Identified the +10 scale mail of the Equator {rElec rF- Str+4 Int+7} (You found it on level 7 of the Dungeon)
  6456 | D:7      | Found a shattered altar of Ashenzari.
  6528 | D:7      | Found a glowing silver altar of Zin.
  6540 | D:7      | Noticed an angel
  6543 | D:7      | Found a shimmering altar of Xom.
  6635 | D:7      | Reached skill level 1 in Unarmed Combat
  6734 | D:7      | Found a blossoming altar of Fedhas.
  6764 | D:7      | Reached skill level 5 in Armour
  6765 | D:7      | Found a white marble altar of Elyvilon.
  7369 | D:8      | Found a radiant altar of Vehumet.
  7370 | D:8      | Found Essetari's Book Boutique.
  7443 | D:8      | Reached ***** piety under Trog
  7485 | D:8      | Noticed a two-headed ogre
  7500 | D:8      | Killed a two-headed ogre
  7500 | D:8      | Reached skill level 9 in Fighting
  7500 | D:8      | Reached XP level 10. HP: 82/82 MP: 7/10
  7747 | D:8      | Noticed a two-headed ogre
  7822 | D:8      | Killed a two-headed ogre
  7875 | D:8      | Received a gift from Trog
  8002 | D:8      | Found a staircase to the Lair.
  8003 | D:8      | Noticed an elephant
  8046 | D:8      | Killed an elephant
  8049 | D:8      | Reached skill level 10 in Fighting
  8210 | D:8      | Noticed a red ugly thing
  8228 | D:8      | Killed a red ugly thing
  8425 | Lair:1   | Entered Level 1 of the Lair of Beasts
  8473 | Lair:1   | Noticed a spiny frog
  8485 | Lair:1   | Killed a spiny frog
  8827 | Lair:1   | Noticed a spiny frog
  8841 | Lair:1   | Killed a spiny frog
  8879 | Lair:1   | Noticed an eight-headed hydra
  8889 | Lair:1   | Killed an eight-headed hydra
  8889 | Lair:1   | Gained mutation: You are mostly covered in molten scales. (AC +3) [demonic ancestry]
  8889 | Lair:1   | Reached XP level 11. HP: 73/92 MP: 11/11
  9217 | Lair:1   | Found a blossoming altar of Fedhas.
  9234 | Lair:1   | Noticed an oklob plant
  9913 | Lair:2   | Reached skill level 11 in Fighting
 10012 | Lair:2   | Received a gift from Trog
 10858 | Lair:2   | Noticed a six-headed hydra
 10870 | Lair:2   | Killed a six-headed hydra
 11086 | Lair:2   | Found a staircase to the Snake Pit.
 11222 | Lair:2   | Got a warped robe
 11335 | Lair:2   | Reached skill level 5 in Unarmed Combat
 11506 | Lair:2   | Identified the +1 robe "Joatz" {rElec rC+ rCorr Stlth+} (You found it on level 2 of the Lair of Beasts)
 11632 | Lair:2   | Noticed an eight-headed hydra
 11639 | Lair:2   | Killed an eight-headed hydra
 11885 | Lair:2   | Gained mutation: You have hoof-like feet. [demonic ancestry]
 11885 | Lair:2   | Reached XP level 12. HP: 92/102 MP: 12/12
 12398 | Lair:3   | Reached skill level 12 in Fighting
 12817 | Lair:3   | Noticed Rupert
 12835 | Lair:3   | Killed Rupert
 13196 | Lair:3   | Noticed Sonja
 13378 | Lair:3   | Noticed a death yak
 13379 | Lair:3   | Noticed a death yak
 13379 | Lair:3   | Noticed a death yak
 13379 | Lair:3   | Noticed a death yak
 13402 | Lair:3   | Killed a death yak
 13411 | Lair:3   | Killed a death yak
 13419 | Lair:3   | Killed a death yak
 13704 | Lair:3   | Killed a death yak
 13831 | Lair:3   | Killed Sonja
 14534 | Lair:4   | Noticed an eight-headed hydra
 14550 | Lair:4   | Killed an eight-headed hydra
 14611 | Lair:4   | Noticed a death yak
 14612 | Lair:4   | Noticed a death yak
 14614 | Lair:4   | Noticed a death yak
 14622 | Lair:4   | Noticed a death yak
 14627 | Lair:4   | Noticed a death yak
 14630 | Lair:4   | Killed a death yak
 14630 | Lair:4   | Reached skill level 13 in Fighting
 14635 | Lair:4   | Killed a death yak
 14636 | Lair:4   | Noticed a death yak
 14650 | Lair:4   | Killed a death yak
 14661 | Lair:4   | Killed a death yak
 14661 | Lair:4   | Reached XP level 13. HP: 61/111 MP: 13/13
 15358 | Lair:4   | Reached skill level 10 in Maces & Flails
 15387 | Lair:4   | Gained mutation: You are clumsy. (Dex -2) [potion of mutation]
 15387 | Lair:4   | Gained mutation: You have a pair of small antennae on your head. [potion of mutation]
 15387 | Lair:4   | Gained mutation: You have very sharp teeth. [potion of mutation]
 16322 | Lair:4   | Found a staircase to the Shoals.
 16352 | Shoals:1 | Entered Level 1 of the Shoals
 17321 | Lair:5   | Gained mutation: You tend to lose your temper in combat. [potion of mutation]
 17321 | Lair:5   | Gained mutation: You are somewhat resistant to further mutation. [potion of mutation]
 17594 | Lair:5   | Noticed Kirke
 17607 | Lair:5   | Killed Kirke
 17773 | Lair:5   | Found a staircase to the Slime Pits.
 18313 | Lair:6   | Entered Level 6 of the Lair of Beasts
 18326 | Lair:6   | Upgraded the game from 0.20-a0-492-g6327889 to 0.20-a0-495-g2241292
 18472 | Lair:6   | Reached skill level 14 in Fighting
 18882 | Lair:6   | Received a gift from Trog
 19425 | Lair:2   | Lost mutation: You have very sharp teeth. [potion of cure mutation]
 19425 | Lair:2   | Lost mutation: You are somewhat resistant to further mutation. [potion of cure mutation]
 19425 | Lair:2   | Lost mutation: You tend to lose your temper in combat. [potion of cure mutation]
 19425 | Lair:2   | Lost mutation: You are clumsy. (Dex -2) [potion of cure mutation]
 19425 | Lair:2   | Lost mutation: You have a pair of small antennae on your head. [potion of cure mutation]
 20158 | Lair:6   | Gained mutation: You have hooves in place of feet. [demonic ancestry]
 20158 | Lair:6   | Reached XP level 14. HP: 106/120 MP: 14/14
 21540 | Lair:6   | Reached skill level 10 in Armour
 21709 | Lair:6   | Reached skill level 10 in Shields
 22747 | Slime:1  | Entered Level 1 of the Pits of Slime
 22773 | Lair:5   | Reached skill level 15 in Fighting
 23587 | D:9      | Found a snail-covered altar of Cheibriados.
 23720 | D:9      | Received a gift from Trog
 23796 | D:9      | Found a staircase to the Orcish Mines.
 24046 | Orc:1    | Entered Level 1 of the Orcish Mines
 24325 | Orc:1    | Reached ****** piety under Trog
 24433 | Orc:1    | Noticed Fannar
 24451 | Orc:1    | Killed Fannar
 25307 | Orc:2    | Entered Level 2 of the Orcish Mines
 25430 | Orc:2    | Found a staircase to the Elven Halls.
 25469 | Orc:2    | Noticed Snorg
 25477 | Orc:2    | Killed Snorg
 25935 | Orc:2    | Gained mutation: You are completely covered in molten scales. (AC +4, rF+) [demonic ancestry]
 25935 | Orc:2    | Reached XP level 15. HP: 129/129 MP: 15/15
 25952 | Orc:2    | Received a gift from Trog
 26248 | Orc:1    | Noticed Erolcha
 26928 | Orc:2    | Killed Erolcha
 27073 | Orc:2    | Paralysed by an orc sorcerer for 5 turns
 27322 | Orc:2    | Found Atipus's Jewellery Shop.
 27323 | Orc:2    | Found Angicuci's Armour Shoppe.
 27328 | Orc:2    | Bought a cursed -2 ring of evasion for 36 gold pieces
 27328 | Orc:2    | Bought a cursed -5 ring of protection for 36 gold pieces
 27332 | Orc:2    | Found Quic's Antique Weapon Shoppe.
 27334 | Orc:2    | Found Cuitsiqu's Assorted Antiques.
 27340 | Orc:2    | Bought a scroll of blinking for 247 gold pieces
 27879 | D:10     | Entered Level 10 of the Dungeon
 28080 | Orc:2    | Bought the ring of Divine Compulsion {+Fly Str+4 Int+2 Dex+3 Stlth+} for 831 gold pieces
 28272 | D:10     | Noticed Psyche
 28284 | D:10     | Killed Psyche
 28334 | D:10     | Received a gift from Trog
 28821 | D:10     | Noticed Urug
 28825 | D:10     | Killed Urug
 29084 | D:11     | Reached skill level 5 in Dodging
 29327 | D:11     | Received a gift from Trog
 29752 | D:12     | Noticed Frances
 29760 | D:12     | Killed Frances
 30238 | D:12     | Noticed Nessos
 30242 | D:12     | Noticed Azrael
 30251 | D:12     | Killed Nessos
 30539 | D:13     | Received a gift from Trog
 30757 | D:13     | Found Gixe's Gadget Boutique.
 31144 | D:14     | Reached skill level 16 in Fighting
 31401 | D:14     | Got a smoking hand crossbow
 31807 | D:14     | Reached XP level 16. HP: 135/138 MP: 16/16
 31904 | D:14     | Found a gate to the Vaults.
 31942 | D:15     | Entered Level 15 of the Dungeon
 32244 | D:15     | Found a staircase to the Depths.
 32276 | D:15     | Received a gift from Trog
 32545 | Depths:1 | Entered Level 1 of the Depths
 33137 | D:15     | Found an ancient bone altar of Kikubaaqudgha.
 33891 | Snake:1  | Entered Level 1 of the Snake Pit
 34059 | Snake:1  | Found Ajakucle's Book Emporium.
 34784 | Snake:1  | Received a gift from Trog
 35116 | Snake:1  | Reached skill level 10 in Unarmed Combat
 35581 | Snake:1  | Reached skill level 17 in Fighting
 36445 | Snake:2  | Found a sparkling altar of Nemelex Xobeh.
 36509 | Snake:2  | Gained mutation: You are completely attuned to the shadows. [demonic ancestry]
 36509 | Snake:2  | Reached XP level 17. HP: 147/147 MP: 14/17
 36547 | Snake:2  | Received a gift from Trog
 36982 | Snake:2  | Noticed Louise
 36989 | Snake:2  | Cast into level 3 of the Abyss (Louise)
 37526 | Abyss:4  | Noticed a profane servitor
 37759 | Abyss:4  | Found a corrupted altar of Lugonu.
 37765 | Abyss:4  | Fell from the grace of Trog
 37765 | Abyss:4  | Became a worshipper of Lugonu the Unformed
 37765 | Abyss:4  | Reached * piety under Lugonu
 37766 | Snake:2  | Escaped the Abyss
 37782 | Snake:2  | Killed Louise
 38489 | Snake:3  | Noticed Vashnia
 38515 | Snake:3  | Killed Vashnia
 38836 | Snake:3  | Slain by a two-headed ogre

Vault maps used:
D:1:      scummos_arrival_simple_crosswalls
D:2:      lemuel_blue_sif_altar, kennysheep_generic_room_6, uniq_jessica,
          uniq_iyjb, uniq_terence
D:3:      nicolae_overflow_hidden_temple, vehumet_crystals,
          nicolae_overflow_crystal_walls, first_bread, uniq_crazy_yiuf_cottage
D:4:      kennysheep_little_box, serial_shops, nicolae_shop_stone, uniq_edmund
D:5:      uniq_menkaure
D:6:      serial_shops, nicolae_shop_stone, bh_chokoban, minmay_ruined_shrine,
          uniq_duvessa, uniq_grinder, uniq_sigmund
D:7:      grunt_temple_overflow_order_and_chaos_1, elyvilon_altar_5,
          overflow_temple_1_default, ashenzari_altar_1
D:8:      david_lair_generic, basic_altar, serial_shops, shop
D:9:      cheibriados_altar_1, orc_0_dummy
D:10:     dk_vineyard_2, uniq_psyche, uniq_urug
D:12:     uniq_frances, uniq_nessos, uniq_azrael
D:13:     serial_shops, shop
D:14:     david_vaults_5, amethyst_killhole, david_nohive_1
D:15:     gammafunk_depths_entry_grave, lemuel_round_altar
Lair:1:   tgw_fedhas, grunt_megastairs_1
Lair:2:   minmay_snake_entry_guardpost_small, special_room, kennysheep_rathole,
          lemuel_fruit_tree
Lair:3:   minivault_11, cheibrodos_lair_lostbears, uniq_rupert, uniq_sonja
Lair:4:   minmay_shoals_entry_hut, beast_lair_carwin_1
Lair:5:   nicolae_slime_entry_slimehenge, grunt_megastairs_4, uniq_kirke
Lair:6:   evilmike_catoblepas_cave, minmay_lair_oklob_chamber,
          infiniplex_staircase_pool
Shoals:1: portal_ice_cave_entry_dragon
Snake:1:  nicolae_snake_hallway, serial_shops, nicolae_shop_trees
Snake:2:  basic_altar, uniq_louise
Snake:3:  grunt_megastairs_3, uniq_vashnia
Orc:1:    minmay_goldmine, uniq_fannar, uniq_erolcha
Orc:2:    st_orc_elflike, nicolae_orc_flooded_monolith, uniq_snorg
Depths:1: serial_sigils, serial_sigils_hangedman_shear,
          serial_sigils_hangedman_clutch, serial_sigils_hangedman_writhe,
          serial_sigils_hangedman_gnaw, serial_sigils_hangedman_scratch,
          serial_sigils_hangedman_shear, serial_bayou_lagoon_a,
          lightli_too_deep, minmay_misc_feat_encased, serial_bayou_shore_b,
          minmay_shop_grove
Abyss:3:  bh_silent_lugonu_exit, doesnt_abyss_rune_brain_food
Abyss:4:  nicolae_abyss_rune_left_handed, evilmike_abyss_exit_14

Skill      XL: |  1  2  3  4  5  6  7  8  9 10 11 12 13 14 15 16 |
---------------+-------------------------------------------------+-----
Armour         | 2 3 4 5 6 7 8 9 10 11 | 11.9
Maces & Flails | 3 4 5 6 7 8 9 10 11 12 | 12.6
Fighting       | 4 5 7 9 10 11 13 14 15 16 17 | 17.5
Shields        | 1 4 5 6 7 8 9 10 11 | 11.9
Unarmed Combat | 2 3 5 6 7 8 9 10 | 10.5
Dodging        | 2 4 6 7 |  7.7
Stealth        | |  0.2

Action                   |  1- 3 |  4- 6 |  7- 9 | 10-12 | 13-15 | 16-18 || total
-------------------------+-------+-------+-------+-------+-------+-------++-------
Melee: Mace              |    60 |   250 |    14 |       |       |       ||   324
       Flail             |       |       |   440 |   798 |  1650 |       ||  2888
       Bite              |       |       |       |       |    57 |       ||    57
       Unarmed           |       |       |       |       |     7 |       ||     7
       Kick              |       |       |       |       |   742 |   361 ||  1103
       Demon whip        |       |       |       |       |   491 |   761 ||  1252
Invok: Berserk           |     1 |     5 |     8 |    19 |    25 |     6 ||    64
       Brothers in Arms  |       |       |       |     2 |       |       ||     2
       Depart the Abyss  |       |       |       |       |       |     1 ||     1
Evoke: Wand              |       |       |       |     1 |     1 |       ||     2
  Use: Scroll            |       |       |     7 |     1 |    19 |     9 ||    36
       Potion            |       |       |       |     8 |    14 |     5 ||    27
 Stab: Sleeping          |       |       |     8 |     5 |    13 |     4 ||    30
       Distracted        |       |       |       |     1 |     1 |       ||     2
  Eat: Chunk             |       |     9 |    13 |    27 |    60 |     1 ||   110
       Meat ration       |       |     1 |     1 |     2 |     4 |     1 ||     9
       Pizza             |       |       |     1 |     1 |       |       ||     2
       Beef jerky        |       |       |       |     3 |     1 |     2 ||     6
       Bread ration      |       |       |       |       |       |     3 ||     3
       Fruit             |       |       |       |       |       |     2 ||     2
       Royal jelly       |       |       |       |       |       |     1 ||     1
Armor: Chain mail        |    65 |   196 |    36 |       |       |   139 ||   436
       Animal skin       |     2 |       |       |       |       |       ||     2
       Ring mail         |       |       |   186 |       |       |       ||   186
       Scale mail        |       |       |   115 |   623 |  1228 |   170 ||  2136
Dodge: Dodged            |    36 |   122 |   276 |   418 |   997 |   313 ||  2162
Block: Buckler           |       |       |    91 |   290 |   660 |   379 ||  1420
       Reflection        |       |       |       |       |     6 |    36 ||    42
